AoeStats
← alrocd01

Arena

510811422Analyzed
1v1 RM · 9h ago on Oct 2, 2026· 68m 24s· 2 players
Game mode
Random Map
Map size
Tiny (2 player)
Population
200
Speed
Normal
Resources
Standard
Victory
Conquest
Starting age
Dark Age
Ending age
Imperial Age
RankedLock teamsTeams togetherTeam positionsShared explorationLock speedFull tech treeHidden civsTurbo modeCheats
Victory
Defeat
🇨🇷 Byzantines · Costa Rica
839
+16
🇨🇦 Hindustanis · Canada
834
-16
King_Reasat
10:51 Feudal Age
15:49 Castle Age
15:29 Double-Bit Axe
15:30 Horse Collar
23:06 Loom
23:58 Wheelbarrow
23:09 Town Watch
26:17 Bow Saw
30:42 Imperial Age
29:05 Forging
29:01 Scale Barding Armor
29:33 Bloodlines
31:01 Gold Mining
31:17 Husbandry
31:50 Conscription
33:55 Chain Barding Armor
34:11 Iron Casting
33:14 Heavy Camel Rider
35:05 Imperial Camel Rider
38:43 Chemistry
37:56 Fletching
40:15 Light Cavalry
49:00 Plate Barding Armor
49:11 Bodkin Arrow
49:29 Shatagni
54:29 Elite Skirmisher
55:16 Thumb Ring
57:23 Padded Archer Armor
58:58 Bracer
62:51 Leather Archer Armor
62:15 Hussar
alrocd01
11:12 Feudal Age
15:06 Castle Age
13:29 Double-Bit Axe
25:41 Horse Collar
26:32 Heavy Plow
29:24 Bow Saw
31:55 Scale Barding Armor
32:35 Forging
34:13 Iron Casting
33:34 Gambesons
33:49 Squires
33:35 Arson
38:11 Imperial Age
36:18 Wheelbarrow
35:31 Loom
36:30 Ballistics
36:21 Fortified Wall
35:45 Pikeman
36:53 Squires
37:13 Gold Mining
37:13 Stone Mining
37:49 Chain Barding Armor
36:54 Elite Skirmisher
39:12 Conscription
39:31 Hoardings
38:26 Heavy Camel Rider
39:06 Husbandry
38:36 Halberdier
39:51 Hand Cart
42:27 Plate Barding Armor
41:53 Scale Mail Armor
41:54 Padded Archer Armor
42:02 Thumb Ring
45:41 Fletching
46:07 Leather Archer Armor
46:07 Chain Mail Armor
46:55 Chemistry
45:51 Murder Holes
45:41 Arrowslits
46:51 Bodkin Arrow
53:12 Bracer
56:15 Ring Archer Armor
56:15 Plate Mail Armor
55:42 Guard Tower
56:12 Bombard Tower
63:01 Two-Man Saw
62:35 Crop Rotation
62:18 Logistica
62:09 Greek Fire
61:29 Elite Cataphract
62:29 Redemption
62:21 Atonement
Connection lost

Rejoining the realm…

Still unreachable

The connection could not be restored.

Session expired

The server has moved on; the page needs a fresh start.